 Dungeon Crawl Stone Soup version 0.16.1-7-g2c6721e (webtiles) character file.

63 valak23 the Sneak (level 4, 0/30 HPs)
             Began as an Octopode Assassin on Mar 29, 2015.
             Was an Initiate of Yredelemnul.
             Slain by a kobold
             ... wielding a +0 dagger
              (3 damage)
             ... on level 2 of the Dungeon.
             The game lasted 00:04:19 (1331 turns).

valak23 the Sneak (Octopode Assassin)               Turns: 1331, Time: 00:04:19

Health: 0/30       AC:  1    Str: 10    XL:     4   Next: 10%
Magic:  4/4        EV: 12    Int: 13    God:    Yredelemnul [......]
Gold:   115        SH:  0    Dex: 14    Spells: 0 memorised, 3 levels left

rFire  . . .     SeeInvis +     a - +2 dagger
rCold  . . .     Clarity  .     (no shield)
rNeg   . . .     SustAb   .     (helmet restricted)
rPois  .         Gourm    .     (no amulet)
rElec  .         Spirit   .     h - ring of see invisible
rCorr  .         Warding  .     (no ring)
rMut   .         Stasis   .     (no ring)
MR     .....                    (no ring)
Stlth  +++++.....               (no ring)
                                (no ring)
                                (no ring)
                                (no ring)

@: not resistant to hostile enchantments, quite stealthy
A: almost no armour, amphibious, 8 rings, constrict 8, camouflage 1, gelatinous
body 1
a: Renounce Religion


You were on level 2 of the Dungeon.
You worshipped Yredelemnul.
Yredelemnul was noncommittal.
You were not hungry.

You visited 1 branch of the dungeon, and saw 2 of its levels.

You collected 115 gold pieces.

Inventory:

Hand weapons
 a - a +2 dagger (weapon)
 b - a +0 blowgun
 j - a +2 vampiric short sword
Missiles
 e - 8 poisoned needles
 f - 2 curare-tipped needles
Jewellery
 h - a ring of see invisible (left tentacle)
Scrolls
 c - a scroll of immolation {unknown}
 k - a scroll of identify {unknown}
Potions
 d - 2 potions of poison {unknown}
 l - a potion of magic {unknown}
 m - a potion of restore abilities
Comestibles
 g - a bread ration
 i - 3 meat rations


   Skills:
 + Level 2.3 Fighting
 + Level 2.0 Short Blades
 + Level 2.0 Throwing
 + Level 1.1 Dodging
 * Level 7.3 Stealth


You had 3 spell levels left.
You didn't know any spells.

Dungeon Overview and Level Annotations

Branches:
Dungeon (2/15)

Altars:
Elyvilon
Makhleb
Ru
Yredelemnul


Innate Abilities, Weirdness & Mutations

You cannot wear most types of armour.
You are amphibious.
You can wear up to eight rings at the same time.
You can use your tentacles to constrict many enemies at once.
Your skin changes colour to match your surroundings (Stealth).
Your rubbery body absorbs attacks (AC +1).


Message History

You kill the ball python!
Yredelemnul accepts your kill. The kobold hits you with a dagger.
* * * LOW HITPOINT WARNING * * *
The kobold hits you with a dagger.
* * * LOW HITPOINT WARNING * * *
Unknown command.
You barely miss the kobold. You grab the kobold.
You constrict the kobold, but do no damage.
The kobold barely misses you.
You hit the kobold.
You kill the kobold!
Yredelemnul accepts your kill.
You hit the kobold. Your grab misses the kobold.
The kobold is heavily wounded.
You closely miss the kobold. Your grab misses the kobold.
The kobold is heavily wounded.
The kobold hits you with a dagger.
You die...
Your body rises from the dead as a mindless zombie.

.## . ..##.## ......# ..##..#
.###..# ......# #########
.##>..# ##.........
###..^#############.......8..
# #.............@K)..........
#
#..#######.######..†........
# #..# #.# ##(...†....... #
#..# #.# ##............. #
#..# ####.# #....(........
###..####....# #.............
..........#..###........####.
#########.....)........##
##.#####8......#


You could see a kobold.

Vanquished Creatures
  An adder (D:2)
  A worm (D:2)
  4 giant geckos
  An ooze (D:1)
  4 bats
  2 giant cockroaches (D:1)
  2 goblins
  5 hobgoblins
  3 jackals (D:1)
  2 ball pythons
  A giant newt (D:1)
  10 kobolds
  4 rats
40 creatures vanquished.

Notes
Turn   | Place    | Note
--------------------------------------------------------------
     0 | D:1      | valak23, the Octopode Assassin, began the quest for the Orb.
     0 | D:1      | Reached XP level 1. HP: 14/14 MP: 1/1
    64 | D:1      | Reached XP level 2. HP: 19/19 MP: 2/2
    99 | D:1      | Reached skill level 6 in Stealth
   430 | D:1      | Reached XP level 3. HP: 24/24 MP: 3/3
  1085 | D:2      | Found a burning altar of Makhleb.
  1102 | D:2      | Found a white marble altar of Elyvilon.
  1110 | D:2      | Found a sacrificial altar of Ru.
  1133 | D:2      | Reached skill level 7 in Stealth
  1267 | D:2      | Found a basalt altar of Yredelemnul.
  1271 | D:2      | Became a worshipper of Yredelemnul the Dark
  1319 | D:2      | Reached XP level 4. HP: 14/29 MP: 4/4
  1331 | D:2      | Slain by a kobold

Action                   |  1- 3 |  4- 6 || total
-------------------------+-------+-------++-------
Melee: Dagger            |    69 |     6 ||    75
  Use: Scroll            |     2 |       ||     2
       Potion            |     1 |       ||     1
 Stab: Sleeping          |    13 |       ||    13
  Eat: Bread ration      |     1 |       ||     1
